 Dungeon Crawl Stone Soup version 0.32-a0-779-g362cfcae2a (webtiles) character file.

Game seed: 17652042834593989782

2457 hikkokomori the Cutter (level 9, 0/57 (69) HPs)
             Began as a Merfolk Ice Elementalist on Mar 19, 2024.
             Was a Follower of Vehumet.
             Slain by a wight
             ... wielding a +2 battleaxe
              (11 damage)
             ... on level 7 of the Dungeon.
             The game lasted 00:19:50 (6499 turns).

hikkokomori the Cutter (Merfolk Ice Elementalist)   Turns: 6499, Time: 00:19:50

HP:   0/57 (69)     AC: 12    Str:  8    XL:     9   Next: 50%
MP:   11/17         EV: 12    Int: 19    God:    Vehumet [*.....]
Gold: 307           SH:  7    Dex: 14    Spells: 4/18 levels left

rFire   . . .        i - +2 dagger (venom)
rCold   . . .        r - +2 buckler
rNeg    . . .        a - +0 robe
rPois   .            w - +1 helmet
rElec   .            h - +0 cloak
rCorr   .            (no gloves)
SInv    .            (no boots)
Will    .....        C - amulet of regeneration
Stlth   ++           (no ring)
HPRegen 1.09/turn    (no ring)
MPRegen 0.15/turn

%: no passive effects
@: ice-armoured, heavily drained
A: (nimble swimmer 2), mertail
a: Renounce Religion


You were on level 7 of the Dungeon.
You worshipped Vehumet.
Vehumet was aware of your devotion.
You visited 2 branches of the dungeon, and saw 8 of its levels.

You collected 307 gold pieces.

Inventory:

Hand Weapons
 b - a +4 morningstar
 d - a +0 dagger
 g - a +2 short sword
 i - a +2 dagger of venom (weapon)
Missiles
 x - a throwing net
Armour
 a - a +0 robe (worn)
 h - a +0 cloak (worn)
 r - a +2 buckler (worn)
 w - a +1 helmet (worn)
Jewellery
 k - a ring of fire
 t - an amulet of faith
 C - an amulet of regeneration (around neck)
Scrolls
 f - a scroll of fear
 m - a scroll of enchant weapon
 n - 2 scrolls of immolation
 q - a scroll of revelation
 v - 2 scrolls of teleportation
Potions
 c - 2 potions of brilliance
 e - 3 potions of enlightenment
 j - a potion of mutation {unknown}
 l - a potion of invisibility
 o - a potion of might
 p - a potion of degeneration {unknown}
 s - a potion of berserk rage {unknown}
 z - a potion of haste
 D - 2 potions of lignification


   Skills:
 + Level 5.7 Fighting
 + Level 6.2 Short Blades
 - Level 4.0 Dodging
 + Level 3.0 Stealth
 - Level 5.1 Shields
 + Level 5.4 Spellcasting
 - Level 4.0 Summonings
 + Level 5.5 Ice Magic
 + Level 0.9 Earth Magic


You had 4 spell levels left.
You knew the following spells:

 Your Spells              Type           Power      Damage    Failure   Level
a - Freeze                Ice            100%       1d10      1%          1
b - Frozen Ramparts       Ice            52%        1d8       5%          3
c - Ozocubu's Armour      Ice            26%        N/A       5%          3
d - Summon Ice Beast      Ice/Summ       23%        N/A       8%          3
e - Gell's Gravitas       Tloc           5%         N/A       45%         3
f - Sandblast             Erth           16%        2d6       12%         1

Your spell library contained the following spells:

 Spells                   Type           Power      Damage    Failure   Level
 Apportation              Tloc           10%        N/A       17%         1
 Jinxbite                 Hex            10%        N/A       26%         2
 Teleport Other           Tloc           5%         N/A       45%         3
 Alistair's Intoxication  Alch           3%         N/A       99%         5
 Dispersal                Tloc           2%         N/A       100%        6


Dungeon Overview and Level Annotations

Branches:
Dungeon (7/15)             Temple (1/1) D:4

Altars:
Ashenzari
Cheibriados
Hepliaklqana
Makhleb
Nemelex Xobeh
Okawaru
Qazlal
Ru
Sif Muna
Trog
Uskayaw
Vehumet
Wu Jian
Xom
The Shining One
Lugonu


Innate Abilities, Weirdness & Mutations

((You are very nimble when in or above water. (Stealth+, EV+, Speed+++)))
Your lower body shifts to a powerful aquatic tail in water.


Message History

The wight is moderately damaged.
You hit the wight.
The wight is moderately damaged.
The wight misses you.
You barely miss the wight.
The wight is moderately damaged.
The wight hits you with a +2 battleaxe!
You feel drained.
You closely miss the wight.
The wight is moderately damaged.
The wight hits you with a +2 battleaxe!
You feel drained.
Casting: Frozen Ramparts (dangerous; 5% risk of failure)
Confirm with . or Enter, or press ? or * to list all spells.
A film of ice covers your body! The wight barely misses you.
Casting: Ozocubu's Armour (dangerous; 5% risk of failure)
Confirm with . or Enter, or press ? or * to list all spells.
A chill wind blows around you. You block the wight's attack.
You hit the wight.
The wight is moderately damaged.
You hit the wight but do no damage.
The wight is moderately damaged.
The wight hits you with a +2 battleaxe!
You barely miss the wight.
The wight is moderately damaged.
The wight hits you with a +2 battleaxe!
* * * LOW HITPOINT WARNING * * *
You feel drained.
* * * LOW HITPOINT WARNING * * *
The wight barely misses your ice beast.
Your ice beast hits the wight.
Your ice beast freezes the wight.
The wight resists.
You closely miss the wight.
The wight is heavily damaged.
The wight closely misses you. The wight barely misses your ice beast.
You closely miss the wight.
The wight is heavily damaged.
Your ice beast hits the wight.
Your ice beast freezes the wight.
The wight resists.
You completely miss the wight.
The wight is severely damaged.
The wight hits you with a +2 battleaxe!
You die...

#..........## #........(#
#........z..# #.........#
#...zz≈########## #.........#
*#....≈........≈≈# #..........
.#.....≈.≈.≈.≈._≈# #..........
.#.#..≈........≈≈# #..........
.......≈####################.....
##..#......# #zY....#.........#
#..##'#.#.## #@.....#.........'
#..........# #................#
##...##.##.# #............)...#
#......##.####........####))#.#
##.###.......'........# ##.#.#
#.#####.#.###........# #.#..
**##'#.......###........# #.#..
*,.........#...########.#####....
*,.........#.#.#####.............


You could see a wight (ally target) and a friendly ice beast (summoned).

Vanquished Creatures
  3 vampire mosquitoes (D:7)
  A water moccasin (D:7)
  A sky beast (D:6)
  5 ice beasts
  An ogre (D:4)
  2 phantoms (D:5)
  A kobold brigand (D:6)
  2 scorpions
  4 wights
  2 bombardier beetles
  A gnoll bouda (D:5)
  A jelly (D:6)
  Crazy Yiuf (D:4)
  2 hounds (D:5)
  An iguana (D:4)
  A sleepcap (D:5)
  6 gnolls
  5 adders
  A shadow imp (D:7)
  A white imp (D:7)
  3 dart slugs (D:2)
  2 ribbon worms
  7 orcs
  7 bats
  5 endoplasms
  A giant cockroach (D:1)
  8 goblins
  7 hobgoblins
  3 jackals (D:1)
  8 kobolds
  6 ball pythons
  6 frilled lizards
  6 rats
111 creatures vanquished.

Vanquished Creatures (collateral kills)
  A water moccasin (D:7)
  4 wights (D:7)
  4 gnolls
  A white imp (D:7)
  A kobold (D:6)
11 creatures vanquished.

Grand Total: 122 creatures vanquished

Notes
Turn   | Place    | Note
-------+----------+-------------------------------------------
     0 | D:1      | hikkokomori the Merfolk Ice Elementalist began the quest
                  | for the Orb.
     0 | D:1      | Reached XP level 1. HP: 13/13 MP: 3/3
   126 | D:1      | Reached XP level 2. HP: 18/19 MP: 0/5
   547 | D:1      | Reached XP level 3. HP: 24/24 MP: 3/6
   551 | D:1      | Learned a level 3 spell: Frozen Ramparts
   705 | D:1      | Found a faded altar of an unknown god.
  1126 | D:2      | Reached XP level 4. HP: 29/31 MP: 7/7
  1201 | D:2      | Learned a level 3 spell: Ozocubu's Armour
  1551 | D:3      | Reached skill level 1 in Short Blades
  1766 | D:3      | Found an ornate altar of the Wu Jian Council.
  1768 | D:3      | Found a bloodstained altar of Trog.
  1771 | D:3      | Found a snail-covered altar of Cheibriados.
  1862 | D:3      | Found an iron altar of Okawaru.
  1905 | D:3      | Reached skill level 1 in Fighting
  2154 | D:3      | Found a glowing golden altar of the Shining One.
  2262 | D:4      | Found a shimmering altar of Xom.
  2301 | D:4      | Reached skill level 5 in Ice Magic
  2301 | D:4      | Reached XP level 5. HP: 17/37 MP: 7/9
  2551 | D:4      | Reached skill level 1 in Shields
  2668 | D:4      | Reached skill level 2 in Short Blades
  2710 | D:4      | Reached XP level 6. HP: 35/44 MP: 10/10
  2820 | D:4      | Found a staircase to the Ecumenical Temple.
  2833 | Temple   | Entered the Ecumenical Temple
  2849 | Temple   | Became a worshipper of Vehumet
  2920 | D:4      | Found a runed translucent door.
  2921 | D:4      | Noticed Crazy Yiuf
  2932 | D:4      | Killed Crazy Yiuf
  3131 | D:4      | Learned a level 3 spell: Summon Ice Beast
  3409 | D:5      | Entered Level 5 of the Dungeon
  3413 | D:5      | Noticed an ice beast
  3438 | D:5      | Killed an ice beast
  3439 | D:5      | Reached skill level 3 in Short Blades
  3439 | D:5      | Reached XP level 7. HP: 18/51 MP: 6/12
  3582 | D:5      | Reached skill level 1 in Summonings
  3982 | D:5      | Reached skill level 4 in Short Blades
  3992 | D:5      | Reached XP level 8. HP: 33/60 MP: 8/14
  4516 | D:6      | Found a stormy altar of Qazlal.
  4762 | D:6      | Found a shimmering blue altar of Sif Muna.
  5133 | D:7      | Reached skill level 5 in Short Blades
  5133 | D:7      | HP: 2/61 [vampire mosquito (4)]
  5171 | D:7      | Reached skill level 5 in Fighting
  5171 | D:7      | Reached skill level 5 in Spellcasting
  5171 | D:7      | Reached XP level 9. HP: 14/68 MP: 0/16
  5640 | D:7      | Learned a level 3 spell: Gell's Gravitas
  5709 | D:7      | Reached * piety under Vehumet
  5709 | D:7      | Offered knowledge of Sandblast by Vehumet.
  5717 | D:7      | Learned a level 1 spell: Sandblast
  5975 | D:7      | Reached skill level 6 in Short Blades
  6067 | D:7      | Reached skill level 5 in Shields
  6278 | D:7      | Found a sacrificial altar of Ru.
  6499 | D:7      | Slain by a wight

Illustrated notes

Levels and vault maps discovered:
D:1:      tarquinn_simple_flora_water_c, layout_loops_ring,
          chequers_ecumenical_altar_simple_redux
D:2:      layout_loops_ring
D:3:      layout_basic, okawaru_metal_pillars_1_2, nicolae_tso_carved_into_rock,
          nicolae_overflow_hidden_temple
D:4:      layout_basic, mainiacjoe_overflow_tiny_flanked,
          minmay_temple_entry_drinking_statues, kennysheep_minor_cross,
          ebering_dispersal_statue_hall, st_stairs_2, grunt_decor_fettered,
          uniq_crazy_yiuf_cottage
D:5:      layout_cave_pools
D:6:      layout_cave_pools, mainiacjoe_overflow_brackets,
          nicolae_qazlal_beasts_of_the_sky
D:7:      layout_basic, nicolae_ru_path_of_blood
Temple:   corrupted_temple

Skill      XL: |  1  2  3  4  5  6  7  8  9 |
---------------+----------------------------+-----
Dodging        | 3 4 |  4.0
Stealth        | 3 |  3.0
Short Blades   | 1 2 3 4 5 6 |  6.2
Fighting       | 1 2 3 5 |  5.7
Ice Magic      | 5 |  5.5
Shields        | 1 2 3 4 5 |  5.1
Spellcasting   | 3 4 5 |  5.4
Summonings     | 2 3 4 |  4.0
Earth Magic    | |  0.9

Action                     |  1- 3 |  4- 6 |  7- 9 || total
---------------------------+-------+-------+-------++-------
  Melee: Dagger            |    66 |   125 |   270 ||   461
  Throw: Throwing net      |       |       |     1 ||     1
   Cast: Freeze            |    25 |       |     7 ||    32
         Frozen Ramparts   |       |     4 |    13 ||    17
         Ozocubu's Armour  |       |     4 |    17 ||    21
         Summon Ice Beast  |       |     1 |    24 ||    25
         Sandblast         |       |       |     2 ||     2
    Use: Scroll            |       |       |    16 ||    16
         Potion            |       |       |     6 ||     6
   Stab: Sleeping          |     7 |     5 |     1 ||    13
         Distracted        |       |       |     4 ||     4
 Armour: Robe              |    36 |    42 |   142 ||   220
  Dodge: Dodged            |    40 |    57 |   137 ||   234
  Block: Buckler           |       |    17 |    88 ||   105

Table legend: (Time is in decaauts)
 A = Elapsed time spent in this place.
 B = Non-inter-level travel time spent in this place.
 C = Inter-level travel time spent in this place.
 D = Time resting spent in this place.
 E = Time spent auto-exploring this place.
 F = Levels seen in this place.
 G = Mean time per level.
                   A        B        C        D        E       F      G
               +--------+--------+--------+--------+--------+-----+--------+
         Total |   6437 |   6195 |    242 |    240 |   4612 |   8 |  804.6 |
       Dungeon |   6404 |   6175 |    229 |    240 |   4612 |   7 |  914.9 |
        Temple |     33 |     21 |     12 |      0 |      0 |   1 |   33.0 |
               +--------+--------+--------+--------+--------+-----+--------+

Top non-repeatable levels by time:
     D:4: 1185 daAuts
     D:7: 1123 daAuts
     D:6: 935 daAuts
     D:5: 904 daAuts
     D:1: 814 daAuts
     D:3: 804 daAuts
     D:2: 635 daAuts
  Temple: 33 daAuts
